 Dungeon Crawl Stone Soup version 0.30-a0-54-g2e61a25929 (webtiles) character file.

Game seed: 10453974902139555853

660 IdlyInterested the Sneak (level 7, -11/50 HPs)
             Began as a Formicid Brigand on Sept 8, 2022.
             Mangled by an ogre
             ... wielding a +0 giant spiked club
              (13 damage)
             ... on level 4 of the Dungeon.
             The game lasted 00:09:10 (4220 turns).

IdlyInterested the Sneak (Formicid Brigand)         Turns: 4220, Time: 00:09:11

Health: -11/50     AC:  8    Str: 16    XL:     7   Next: 86%
Magic:  7/7        EV: 11    Int: 10    God:
Gold:   127        SH:  0    Dex: 17    Spells: 6/6 levels left

rFire   . . .      SeeInvis +    m - +0 rapier
rCold   . . .      Faith    .    (no shield)
rNeg    . . .      Spirit   .    j - +0 ring mail
rPois   .          Reflect  .    (helmet unavailable)
rElec   .          Harm     .    c - +2 cloak
rCorr   .          Rampage  .    (no gloves)
Will    .....                    (no boots)
Stlth   +++.......               (no amulet)
HPRegen 0.16/turn                (no ring)
MPRegen 0.10/turn                (no ring)

@: no status effects
A: permanent stasis, dig shafts and tunnels, antennae 3, four strong arms
a: Dig, Shaft Self


You were on level 4 of the Dungeon.
You visited 1 branch of the dungeon, and saw 4 of its levels.

You collected 127 gold pieces.

Inventory:

Hand Weapons
 a - a +2 dagger
 m - a +0 rapier (weapon)
Missiles
 d - 8 poisoned darts (quivered)
 e - 3 curare-tipped darts
 o - 5 boomerangs
Armour
 b - a +0 robe
 c - a +2 cloak (worn)
 i - a +0 leather armour
 j - a +0 ring mail (worn)
Scrolls
 k - a scroll of enchant armour
Potions
 l - a potion of curing {unknown}
 n - a potion of degeneration {unknown}
 p - a potion of brilliance {unknown}


   Skills:
 - Level 2.1 Fighting
 * Level 5.3 Short Blades
 - Level 2.0 Throwing
 - Level 2.0 Armour
 + Level 1.2 Dodging
 * Level 7.2 Stealth
 + Level 4.2 Shields
 - Level 2.0 Evocations


You had 6 spell levels left.
You didn't know any spells.
Your spell library contained the following spells:

 Spells                   Type           Power      Damage    Failure   Level
 Magic Dart               Conj           0%         1d3       56%         1
 Call Imp                 Summ           0%         N/A       71%         2
 Ignite Poison            Fire/Tmut/Pois 0%         N/A       91%         3
 Mephitic Cloud           Conj/Pois/Air  0%         N/A       91%         3
 Freezing Cloud           Conj/Ice/Air   0%         6-21      100%        5


Dungeon Overview and Level Annotations

Branches:
Dungeon (4/15)
 Temple: D:4-7

Altars:
Elyvilon
Wu Jian

Shops:
D:3 =


Innate Abilities, Weirdness & Mutations

You cannot be hasted, slowed, berserked, paralysed or teleported.
You can dig through walls and to a lower floor.
You have a pair of large antennae on your head. (SInv)
Your four strong arms can wield two-handed weapons with a shield.


Message History

HP restored.
The air fills with toxic fumes!
As you read the scroll labelled KYSTRA DIEDUUJA, it crumbles to dust.
It was a scroll of poison.
You start waiting.
Done waiting.
Okay, then.
An ogre comes into view. It is wielding a +0 giant spiked club.
Throw: 9 darts (poison)
Press: ? - help, Q - select action, (/) - cycle Shift-Dir - straight line, f - ogre
Aim: an ogre, wielding a +0 giant spiked club (76% to hit)
You throw a poisoned dart. The poisoned dart hits the ogre.
The ogre is poisoned.
You puncture the ogre!
The ogre is moderately wounded.
The ogre misses you.
You puncture the ogre!
The ogre is heavily wounded.
You hit the ogre.
The ogre is heavily wounded.
The ogre hits you with a +0 giant spiked club!!
You hit the ogre.
The ogre is severely wounded.
You barely miss the ogre.
The ogre is severely wounded.
The ogre hits you with a +0 giant spiked club!
You barely miss the ogre.
The ogre is severely wounded.
The ogre closely misses you.
You hit the ogre.
The ogre is severely wounded.
The ogre looks more healthy.
You hit the ogre.
The ogre is almost dead.
The ogre hits you with a +0 giant spiked club!
* * * LOW HITPOINT WARNING * * *
You hit the ogre but do no damage.
The ogre is almost dead.
The ogre hits you with a +0 giant spiked club!
You die...

.......(..).............#
..................<.###
....................#
.............#......# {
....................###
......................#
#..#.............##.....
#..#.............# ##....
...........@..# ...
######.....O......# .#
###...(....... .
#........... #...........
#..........# #..........#
#..........#


You could see an ogre.

Vanquished Creatures
  Sigmund (D:2)
  Menkaure (D:4)
  A phantom (D:3)
  2 scorpions (D:4)
  An iguana (D:4)
  6 adders
  4 gnolls (D:3)
  A worm (D:4)
  3 dart slugs
  An orc (D:3)
  3 bats
  6 endoplasms
  2 giant cockroaches (D:2)
  10 goblins
  4 hobgoblins
  3 jackals (D:2)
  6 kobolds
  2 quokkas
  8 ball pythons
  3 frilled lizards
  7 rats
75 creatures vanquished.

Vanquished Creatures (others)
  2 orcs (D:3)
  A hobgoblin (D:2)
3 creatures vanquished.

Grand Total: 78 creatures vanquished

Notes
Turn   | Place    | Note
-------+----------+-------------------------------------------
     0 | D:1      | IdlyInterested the Formicid Brigand began the quest for the
                  | Orb.
     0 | D:1      | Reached XP level 1. HP: 16/16 MP: 1/1
    23 | D:1      | Reached skill level 1 in Dodging
   105 | D:1      | Reached XP level 2. HP: 15/22 MP: 2/2
   400 | D:1      | Reached skill level 1 in Armour
   400 | D:1      | Reached skill level 5 in Stealth
   462 | D:1      | Reached skill level 1 in Shields
   732 | D:1      | Reached XP level 3. HP: 27/27 MP: 3/3
  1494 | D:2      | Reached skill level 1 in Evocations
  1830 | D:2      | Reached XP level 4. HP: 33/33 MP: 4/4
  1865 | D:2      | Found a faded altar of an unknown god.
  1981 | D:2      | Found an ornate altar of the Wu Jian Council.
  2107 | D:2      | Noticed Sigmund
  2114 | D:2      | Killed Sigmund
  2115 | D:2      | Reached XP level 5. HP: 38/38 MP: 5/5
  2115 | D:2      | Reached XP level 6. HP: 44/44 MP: 6/6
  2164 | D:2      | You fall into a shaft and drop 2 floors!
  2249 | D:3      | Found a white marble altar of Elyvilon.
  2262 | D:3      | Found Apnoith's Jewellery Shop.
  3101 | D:3      | Reached skill level 6 in Stealth
  3113 | D:3      | HP: 1/44 [gnoll/+0 spear (7)]
  3118 | D:3      | Reached XP level 7. HP: 2/50 MP: 7/7
  3489 | D:4      | Noticed Menkaure
  3621 | D:4      | Reached skill level 5 in Short Blades
  3882 | D:4      | Killed Menkaure
  3883 | D:4      | Reached skill level 7 in Stealth
  4219 | D:4      | HP: 2/50 [ogre/+0 giant spiked club (15)]
  4220 | D:4      | Mangled by an ogre

Illustrated notes

Levels and vault maps discovered:
D:1:      arrival_zaba_pyramid, layout_basic, grunt_decor_resistance
D:2:      layout_loops_cross, basic_altar,
          hellmonk_ecumenical_altar_heavens_door, nrook_campfire, uniq_sigmund
D:3:      layout_basic, elyvilon_altar_4, serial_shops, shop, item_on_display_a
D:4:      layout_rooms, temple_doors_e, uniq_menkaure

Skill      XL: |  1  2  3  4  5  6  7 |
---------------+----------------------+-----
Dodging        | 1 |  1.2
Armour         | 1 2 |  2.0
Stealth        | 5 6 7 |  7.2
Shields        | 1 3 4 |  4.2
Evocations     | 1 2 |  2.0
Short Blades   | 4 5 |  5.3
Fighting       | |  2.1
Throwing       | |  2.0

Action                   |  1- 3 |  4- 6 |  7- 9 || total
-------------------------+-------+-------+-------++-------
Melee: Dagger            |    83 |    21 |       ||   104
       Punch             |       |     3 |       ||     3
       Rapier            |       |    98 |    67 ||   165
Throw: Dart              |     4 |       |     7 ||    11
 Abil: Dig               |       |     1 |       ||     1
  Use: Scroll            |     5 |     1 |     1 ||     7
       Potion            |       |     2 |       ||     2
 Stab: Sleeping          |    11 |     8 |     1 ||    20
       Invisible         |       |     1 |     1 ||     2
Armor: Robe              |     1 |       |       ||     1
       Leather armour    |    15 |       |       ||    15
       Ring mail         |     1 |    54 |    15 ||    70
Dodge: Dodged            |    36 |    57 |    30 ||   123

Table legend: (Time is in decaauts)
 A = Elapsed time spent in this place.
 B = Non-inter-level travel time spent in this place.
 C = Inter-level travel time spent in this place.
 D = Time resting spent in this place.
 E = Time spent auto-exploring this place.
 F = Levels seen in this place.
 G = Mean time per level.
                   A        B        C        D        E       F      G
               +--------+--------+--------+--------+--------+-----+--------+
         Total |   4200 |   3872 |    328 |   1416 |   1635 |   4 | 1050.0 |
       Dungeon |   4200 |   3872 |    328 |   1416 |   1635 |   4 | 1050.0 |
               +--------+--------+--------+--------+--------+-----+--------+

Top non-repeatable levels by time:
     D:1: 1474 daAuts
     D:3: 1169 daAuts
     D:2: 874 daAuts
     D:4: 682 daAuts
